 Dungeon Crawl Stone Soup version 0.21.1-1-g345015f (webtiles) character file.

116 letownia2 the Conjurer (level 5, 0/29 HPs)
             Began as a Tengu Conjurer on Mar 5, 2018.
             Succumbed to a worker ant's poison
             ... on level 4 of the Dungeon.
             The game lasted 00:05:44 (997 turns).

letownia2 the Conjurer (Tengu Conjurer)              Turns: 997, Time: 00:05:45

Health: 0/29       AC:  3    Str:  8    XL:     5   Next: 0%
Magic:  0/9        EV: 12    Int: 16    God:
Gold:   64         SH:  0    Dex: 15    Spells: 2/8 levels left

rFire    . . .     SeeInvis .   g - +2 dagger (protect)
rCold    . . .     Gourm    .   (no shield)
rNeg     . . .     Faith    .   o - +0 leather armour
rPois    .         Spirit   .   (helmet restricted)
rElec    .         Reflect  .   (no cloak)
rCorr    .         Harm     .   (no gloves)
MR       .....                  (boots unavailable)
Stlth    ++........             (no amulet)
HPRegen  0.09/turn              (no ring)
MPRegen  0.11/turn              (no ring)

@: lethally poisoned (0 -> -6), hasted, very quick
A: beak, talons 3, able to fly 1
a: Fly


You were on level 4 of the Dungeon.
You were hungry.

You visited 1 branch of the dungeon, and saw 4 of its levels.

You collected 64 gold pieces.

Inventory:

Hand Weapons
 g - a +2 dagger of protection (weapon)
Armour
 a - a +0 robe
 j - a +0 ring mail
 l - a +0 robe of fire resistance
 o - a +0 leather armour (worn)
Scrolls
 d - 6 scrolls of identify {unknown}
 e - 2 scrolls of remove curse {unknown}
 h - a scroll of enchant weapon {unknown}
 k - a scroll of fear {unknown}
 m - 2 scrolls of teleportation {unknown}
Potions
 i - a potion of might {unknown}
 p - a potion of flight {unknown}
Books
 b - a book of Conjurations

   Spells                             Type                      Level
   a - Magic Dart                     Conjuration                  1
   b - Searing Ray                    Conjuration                  2
   c - Dazzling Spray                 Conjuration/Hexes            3
   d - Fulminant Prism                Conjuration/Hexes            4
   e - Force Lance                    Conjuration/Translocation    4
   f - Iskenderun's Mystic Blast      Conjuration                  4
Comestibles
 c - 6 rations
 n - 6 chunks of flesh


   Skills:
 + Level 1.2 Fighting
 + Level 1.3 Armour
 + Level 2.7 Dodging
 - Level 2.0 Stealth
 + Level 2.3 Spellcasting
 - Level 7.0 Conjurations


You had 2 spell levels left.
You knew the following spells:

 Your Spells              Type           Power        Failure   Level  Hunger
a - Magic Dart            Conj           ###.         1%          1    #......
l - Searing Ray           Conj           ###...       2%          2    ###....
x - Dazzling Spray        Conj/Hex       ##....       21%         3    ###....


Dungeon Overview and Level Annotations

Branches:
Dungeon (4/15)
 Temple: D:4-7

Altars:
Dithmenos


Innate Abilities, Weirdness & Mutations

You have a beak for a mouth.
You have claws for feet.
You can fly.


Message History

The worker ant is severely wounded.
The worker ant bites you but does no damage.
The worker ant bites you.
* * * LOW HITPOINT WARNING * * *
You are poisoned.
The worker ant poisons you!
Casting: Magic Dart
Confirm with . or Enter, or press ? or * to list all spells.
Aiming: Magic Dart
Press: ? - help, Shift-Dir - straight line, f/p - worker ant
Aim: a worker ant (severely wounded)
The magic dart hits the worker ant.
The worker ant is severely wounded.
* * * LOW HITPOINT WARNING * * *
You feel sick. The worker ant bites you.
* * * LOW HITPOINT WARNING * * *
Unknown command.
Unknown command.
It was a potion of haste.
You feel yourself speed up.
You die...

.....#
#..............
.....####
#.............
†.......#
#.............
........# #.
#'# ........#
#. #.#
........# #.#
#.# #.#######
.. #.#
#....####
#.##a#
#.......#
#..#@#
#....##.# #.#.#
#....##.# #...#
#....##.# ##..#
#....##.#
#####..#
#....##.#
#.....>#
#..).##.#
#.######
#....##.# #.#
#######.###.#


You could see a worker ant.

Vanquished Creatures
  2 orc wizards (D:4)
  An adder skeleton (D:4)
  A worm (D:4)
  2 dart slugs
  5 orcs
  A ball python (D:1)
  A giant cockroach (D:4)
  A goblin (D:1)
  4 hobgoblins
  6 jackals
  4 kobolds
  5 quokkas
  4 bats
  2 frilled lizards
  A rat (D:2)
40 creatures vanquished.

Notes
Turn   | Place    | Note
-------+----------+-------------------------------------------
     0 | D:1      | letownia2 the Tengu Conjurer began the quest for the Orb.
     0 | D:1      | Reached XP level 1. HP: 10/10 MP: 4/4
   124 | D:2      | Reached XP level 2. HP: 14/15 MP: 3/6
   176 | D:2      | Reached skill level 6 in Conjurations
   247 | D:2      | Learned a level 2 spell: Searing Ray
   289 | D:2      | Reached XP level 3. HP: 17/19 MP: 2/7
   294 | D:2      | Learned a level 3 spell: Dazzling Spray
   374 | D:2      | Found a shadowy altar of Dithmenos.
   692 | D:3      | Reached skill level 7 in Conjurations
   720 | D:4      | Reached XP level 4. HP: 1/24 MP: 3/8
   778 | D:4      | HP: 1/24 [orc wizard/magic dart (5)]
   782 | D:4      | Reached skill level 1 in Fighting
   782 | D:4      | Reached skill level 1 in Armour
   979 | D:4      | Gained mutation: You can fly. [Tengu growth]
   979 | D:4      | Reached XP level 5. HP: 18/29 MP: 6/9
   996 | D:4      | HP: 1/29 [worker ant (6)]
   997 | D:4      | Succumbed to a worker ant's poison

Skill      XL: |  1  2  3  4 |
---------------+-------------+-----
Conjurations   | 6 7 |  7.0
Fighting       | 1 |  1.2
Armour         | 1 |  1.3
Dodging        | |  2.7
Stealth        | |  2.0
Spellcasting   | |  2.3

Action                   |  1- 3 |  4- 6 || total
-------------------------+-------+-------++-------
Melee: Unarmed           |     3 |       ||     3
       Kick              |     7 |     5 ||    12
       Dagger            |    30 |    20 ||    50
       Peck              |     4 |     3 ||     7
 Cast: Magic Dart        |    33 |     6 ||    39
       Searing Ray       |     5 |     3 ||     8
       Dazzling Spray    |       |     2 ||     2
  Use: Potion            |       |     1 ||     1
 Stab: Sleeping          |     2 |       ||     2
  Eat: Chunk             |       |     1 ||     1
Armor: Robe              |     9 |       ||     9
       Leather armour    |       |     9 ||     9
Dodge: Dodged            |    40 |    23 ||    63
